[Event "Titled Tuesday Blitz July 18 Late 2023"]
[White "Horcajuelo Rocamora, Martin"]
[Black "David, Bogdan-Emanuel"]
[WhiteFideId "24573027"]
[BlackFideId "1229907"]
[WhiteElo "2456"]
[BlackElo "2597"]
[Result "1-0"]
[Round "9"]
[TimeControl "180+2"]
[Date "2023.07.18"]
[WhiteClock "0:01:11"]
[BlackClock "0:00:03"]
[Board "61"]

1. e3 g6 2. d4 Bg7 3. Nf3 Nf6 4. Bd3 O-O 5. O-O c5 6. Nbd2 b6 7. b3 Bb7 8. Bb2 d5 9. Qe2 Nbd7 10. Ne5 Nxe5 11. dxe5 Ne4 12. Nxe4 dxe4 13. Bc4 Qc7 14. Rad1 Rad8 15. Rxd8 Rxd8 16. Rd1 Rb8 17. Qg4 e6 18. Qf4 Rd8 19. Rd6 Qb8 20. Bc1 Bc6 21. h4 Rxd6 22. exd6 Bf8 23. Bb2 Bxd6 24. Qf6 Kf8 25. Bxe6 Be8 26. Bd5 Qc7 27. h5 gxh5 28. Bxe4 c4 29. Qg5 Bd7 30. Qg7+ Ke7 31. Bf6+ Ke6 32. Qg5 Bb4 33. Qf5+ Kd6 34. Qd5# 1-0


[Site "https://www.chess.com"]

[Event "Titled Tuesday Blitz July 18 Late 2023"]
[White "Geivondian, Arman"]
[Black "Gaal, Zsoka"]
[WhiteFideId "24102032"]
[BlackFideId "777765"]
[WhiteElo "2584"]
[BlackElo "2456"]
[Result "1-0"]
[Round "9"]
[TimeControl "180+2"]
[Date "2023.07.18"]
[WhiteClock "0:01:52"]
[BlackClock "0:00:17"]
[Board "62"]

1. e4 Nf6 2. e5 Nd5 3. Nc3 Nxc3 4. dxc3 d6 5. Bf4 Nc6 6. Nf3 g6 7. Bb5 Bg7 8. O-O O-O 9. Re1 Bg4 10. Bxc6 bxc6 11. h3 Bf5 12. Nd4 Bd7 13. Qe2 c5 14. Nf3 Rb8 15. b3 Bc6 16. Rad1 Qc8 17. exd6 exd6 18. Bg3 Bxc3 19. Rf1 Bb5 20. Qe3 Bxf1 21. Qxc3 Be2 22. Re1 Bxf3 23. Qxf3 Re8 24. Rd1 Qf5 25. Qc3 Re2 26. Rd3 Rbe8 27. a4 Re1+ 28. Kh2 Rc1 29. Rf3 Ree1 30. Bh4 Qe5+ 31. Qxe5 Rxe5 32. Bd8 c6 33. Bc7 Re6 34. Rd3 d5 35. Rc3 Re2 36. Bg3 Rcxc2 37. Rf3 d4 38. Rf6 d3 39. Rd6 d2 40. Bf4 Kg7 41. Kg3 Rc3+ 42. f3 Rc2 43. h4 Rxg2+ 44. Kh3 Re2 45. h5 gxh5 46. Bh6+ Kg8 47. Rd8+ 1-0


[Site "https://www.chess.com"]

[Event "Titled Tuesday Blitz July 18 Late 2023"]
[White "Tarhan, Adar"]
[Black "NLLO777"]
[WhiteFideId "34544712"]
[WhiteElo "2575"]
[BlackElo "2448"]
[Result "0-1"]
[Round "9"]
[TimeControl "180+2"]
[Date "2023.07.18"]
[WhiteClock "0:00:08"]
[BlackClock "0:00:10"]
[Board "63"]

1. d4 Nf6 2. c3 d5 3. Bf4 c5 4. e3 Nc6 5. Nf3 Qb6 6. Qb3 c4 7. Qxb6 axb6 8. Na3 e6 9. Nb5 Ra5 10. a4 Na7 11. Nc7+ Ke7 12. Na8 Nd7 13. Ne5 b5 14. Be2 bxa4 15. Bd1 b5 16. Nf3 Nc6 17. Nc7 Kd8 18. Ng5 Ke7 19. Bh5 g6 20. Bf3 h6 21. Bd6+ Kxd6 22. Nxf7+ Kxc7 23. Nxh8 g5 24. h4 b4 25. hxg5 hxg5 26. Kd2 a3 27. bxa3 b3 28. e4 Nb6 29. exd5 exd5 30. Rh7+ Bd7 31. Ng6 Bd6 32. Bg4 Rxa3 33. Rxa3 Bxa3 34. Bxd7 Nxd7 35. Nf8 Bxf8 36. Rf7 Bd6 37. Rf5 Bf4+ 38. Kd1 b2 39. Kc2 Bc1 40. Rxd5 Nb6 41. Rb5 Na4 42. g3 Kd6 43. f4 gxf4 44. gxf4 Ne7 45. f5 Nd5 46. Rxd5+ Kxd5 47. f6 Nxc3 48. f7 b1=Q+ 49. Kxc3 Qd3+ 50. Kb4 Qb3+ 51. Ka5 Qb8 52. Ka4 Qf8 53. Ka5 Qxf7 54. Kb5 Kxd4 55. Ka5 c3 56. Kb5 c2 57. Ka4 Bh6 58. Kb4 c1=Q 59. Ka4 Qa7+ 60. Kb5 Qb7+ 61. Ka4 Qa1# 0-1


[Site "https://www.chess.com"]

[Event "Titled Tuesday Blitz July 18 Late 2023"]
[White "Disconzi da Silva, Rodrigo"]
[Black "brm72"]
[WhiteFideId "2100991"]
[WhiteElo "2445"]
[BlackElo "2571"]
[Result "0-1"]
[Round "9"]
[TimeControl "180+2"]
[Date "2023.07.18"]
[WhiteClock "0:00:47"]
[BlackClock "0:01:01"]
[Board "64"]

1. d4 Nf6 2. c4 g6 3. Nc3 d5 4. Nf3 Bg7 5. cxd5 Nxd5 6. Qa4+ Bd7 7. Qa3 Nxc3 8. bxc3 O-O 9. Bg5 Re8 10. Rd1 h6 11. Bh4 g5 12. Bg3 Bf5 13. h4 g4 14. Nd2 Nd7 15. e4 Bh7 16. Bc4 c5 17. O-O cxd4 18. cxd4 a6 19. Nb3 e6 20. Be2 Bxe4 21. Bxg4 Nf6 22. Be2 Rc8 23. Be5 Qd5 24. f3 Bg6 25. Nc5 Nh5 26. Ne4 Bxe5 27. dxe5 Qxe5 28. Nd6 Qxe2 29. Nxe8 Rxe8 30. Rfe1 Qc4 31. Qd6 Qxh4 32. Re5 Ng3 33. Rd4 Qh1+ 34. Kf2 Nf5 35. Rxf5 exf5 36. Rd1 Qh4+ 37. Kf1 Qc4+ 38. Kg1 f4 39. Qd7 Qc6 40. Qg4 Qc5+ 41. Kh2 Qh5+ 42. Qxh5 Bxh5 0-1


[Site "https://www.chess.com"]

[Event "Titled Tuesday Blitz July 18 Late 2023"]
[White "Vlassov, Nikolai"]
[Black "Salazar Farias, Luis German"]
[WhiteFideId "4103360"]
[BlackFideId "3902170"]
[WhiteElo "2567"]
[BlackElo "2492"]
[Result "1-0"]
[Round "9"]
[TimeControl "180+2"]
[Date "2023.07.18"]
[WhiteClock "0:00:17"]
[BlackClock "0:00:00"]
[Board "65"]

1. e4 c6 2. d4 d5 3. e5 c5 4. dxc5 e6 5. Nf3 Bxc5 6. a3 Nd7 7. b4 Be7 8. c4 dxc4 9. Bxc4 Nb6 10. Bd3 Bd7 11. O-O Bc6 12. Nc3 Nh6 13. Bxh6 gxh6 14. Qe2 Nd5 15. Nxd5 Qxd5 16. b5 Bd7 17. a4 f5 18. exf6 Bxf6 19. Rad1 Qh5 20. Rfe1 O-O-O 21. a5 Kb8 22. Qe4 Rhg8 23. Qf4+ Ka8 24. a6 Bc8 25. Be4 Qf7 26. axb7+ Bxb7 27. Bxb7+ Kxb7 28. Ne5 Qg7 29. Qe4+ Rd5 30. Rxd5 exd5 31. Qxd5+ Kb8 32. Nd7+ Kc7 33. Nxf6 Rf8 34. Qc6+ 1-0


[Site "https://www.chess.com"]

[Event "Titled Tuesday Blitz July 18 Late 2023"]
[White "Kovacsy, Barnabas"]
[Black "Velasco, Santiago"]
[WhiteFideId "769290"]
[BlackFideId "4401328"]
[WhiteElo "2432"]
[BlackElo "2561"]
[Result "1-0"]
[Round "9"]
[TimeControl "180+2"]
[Date "2023.07.18"]
[WhiteClock "0:00:30"]
[BlackClock "0:00:10"]
[Board "66"]

1. e4 e5 2. Nf3 Nc6 3. Bb5 Nf6 4. d3 Bc5 5. c3 O-O 6. O-O d5 7. exd5 Qxd5 8. Bc4 Qd8 9. Bg5 e4 10. dxe4 Qxd1 11. Rxd1 Nxe4 12. Be3 Bxe3 13. fxe3 Bg4 14. Nbd2 Nd6 15. Be2 Rfe8 16. Kf2 Rad8 17. h3 Bh5 18. Nc4 Ne4+ 19. Kg1 Ng3 20. Kf2 Ne4+ 21. Kg1 h6 22. Rxd8 Rxd8 23. Rd1 Rxd1+ 24. Bxd1 b5 25. Na3 a6 26. Nc2 f6 27. g4 Bf7 28. a3 Na5 29. Nb4 Nc4 30. Nxa6 c5 31. Bc2 Ned6 32. Nxc5 Nxb2 33. Nd4 Nbc4 34. Ne4 Nxe4 35. Bxe4 Nxa3 36. Bc6 Bc4 37. Kf2 Kf7 38. e4 g6 39. Ke3 Ke7 40. h4 Kf7 41. h5 Kg7 42. Kf4 Kf7 43. Bd5+ Bxd5 44. exd5 gxh5 45. gxh5 Nc4 46. Nf5 Nd2 47. Nxh6+ Kg7 48. Nf5+ Kf7 49. d6 Nb1 50. d7 Nxc3 51. d8=Q Ne2+ 52. Ke3 Ng3 53. Qe7+ 1-0


[Site "https://www.chess.com"]

[Event "Titled Tuesday Blitz July 18 Late 2023"]
[White "Rios Escobar, Adan"]
[Black "Sadovsky, Artem"]
[WhiteFideId "3403645"]
[BlackFideId "4155840"]
[WhiteElo "2429"]
[BlackElo "2560"]
[Result "0-1"]
[Round "9"]
[TimeControl "180+2"]
[Date "2023.07.18"]
[WhiteClock "0:00:00"]
[BlackClock "0:00:34"]
[Board "67"]

1. d4 g6 2. g3 Bg7 3. Bg2 d6 4. e4 e5 5. dxe5 dxe5 6. Qxd8+ Kxd8 7. Nc3 Be6 8. Be3 Nd7 9. O-O-O f6 10. f4 c6 11. Na4 Kc7 12. Ne2 Nh6 13. h3 Rhd8 14. Nc5 Nxc5 15. Bxc5 Bf8 16. Be3 Nf7 17. a4 Bb4 18. h4 Bg4 19. Rxd8 Rxd8 20. Nc3 Bxc3 21. bxc3 Nd6 22. Bxa7 Nc4 23. Bc5 Rd2 24. Bh3 Bxh3 25. Rxh3 Re2 26. Kb1 exf4 27. gxf4 Nd2+ 28. Kb2 Nxe4 29. Bd4 h5 30. f5 gxf5 31. Rf3 Nd6 32. Bxf6 Re4 33. a5 Kd7 34. Bg5 Ke6 35. Bf4 Nc4+ 36. Ka2 Nxa5 37. Bg5 Nc4 38. Rd3 f4 39. Rd8 Kf5 40. Rf8+ Kg4 41. Kb3 f3 0-1


[Site "https://www.chess.com"]

[Event "Titled Tuesday Blitz July 18 Late 2023"]
[White "Voege, Tobias"]
[Black "Al Mukhaini, Shima"]
[WhiteFideId "1270513"]
[BlackFideId "22005854"]
[WhiteElo "2548"]
[BlackElo "2417"]
[Result "1-0"]
[Round "9"]
[TimeControl "180+2"]
[Date "2023.07.18"]
[WhiteClock "0:01:25"]
[BlackClock "0:01:36"]
[Board "68"]

1. e4 d5 2. exd5 Nf6 3. Nc3 Nxd5 4. Nf3 Bg4 5. Be2 Nf4 6. O-O Nxe2+ 7. Qxe2 c6 8. d3 e6 9. Bf4 Qf6 10. Bg3 Bxf3 11. gxf3 Qd8 12. f4 Be7 13. f5 exf5 14. Rfe1 Kf8 15. Qe5 Qd7 16. Re2 Bf6 17. Qc5+ Kg8 18. Qxf5 h6 19. Qf3 Kh7 20. Ne4 Be7 21. Qxf7 Rf8 22. Nf6+ Kh8 23. Nxd7 Rxf7 24. Nxb8 1-0


[Site "https://www.chess.com"]

[Event "Titled Tuesday Blitz July 18 Late 2023"]
[White "Przybylski, Wojciech"]
[Black "Jonkman, Harmen"]
[WhiteFideId "1117599"]
[BlackFideId "1002708"]
[WhiteElo "2541"]
[BlackElo "2417"]
[Result "1-0"]
[Round "9"]
[TimeControl "180+2"]
[Date "2023.07.18"]
[WhiteClock "0:00:02"]
[BlackClock "0:00:01"]
[Board "69"]

1. e4 e5 2. Nf3 Nc6 3. d4 exd4 4. Nxd4 Nf6 5. Nxc6 bxc6 6. e5 Qe7 7. Qe2 Nd5 8. c4 Nb6 9. Nc3 g6 10. f4 Bg7 11. Qe4 O-O 12. Bd3 Re8 13. O-O d6 14. c5 d5 15. Qf3 Qxc5+ 16. Be3 Qb4 17. Qf2 Nc4 18. Bd4 Qxb2 19. Qg3 Qa3 20. Rfb1 Nd2 21. Rd1 Nc4 22. Bxc4 dxc4 23. Rac1 Bf5 24. Qf3 Bd3 25. Qxc6 Rad8 26. Nd5 Qxa2 27. Bf2 Qe2 28. Re1 Qd2 29. Nf6+ Bxf6 30. Qxf6 c3 31. Red1 Qe2 32. Re1 Qd2 33. Red1 Qb2 34. e6 Rf8 35. e7 Rde8 36. exf8=Q+ Rxf8 37. Bd4 Rd8 38. Qg7# 1-0


[Site "https://www.chess.com"]

[Event "Titled Tuesday Blitz July 18 Late 2023"]
[White "MFatigue"]
[Black "Villarreal, Agustin"]
[BlackFideId "125687"]
[WhiteElo "2529"]
[BlackElo "2409"]
[Result "1/2-1/2"]
[Round "9"]
[TimeControl "180+2"]
[Date "2023.07.18"]
[WhiteClock "0:03:03"]
[BlackClock "0:02:51"]
[Board "70"]

1. e4 e5 2. Nf3 Nc6 3. d4 exd4 4. Bc4 Nf6 5. O-O Nxe4 6. Re1 d5 7. Bxd5 Qxd5 8. Nc3 Qh5 9. Nxe4 Be6 10. Bg5 Bd6 11. Nxd6+ cxd6 12. Bf4 Qd5 13. c3 Qf5 14. cxd4 Qxf4 15. d5 O-O 16. dxe6 fxe6 17. Rxe6 Ne5 18. Rxd6 Nxf3+ 19. gxf3 Qxf3 20. Qxf3 Rxf3 21. Re1 Raf8 1/2-1/2


[Site "https://www.chess.com"]

[Event "Titled Tuesday Blitz July 18 Late 2023"]
[White "Romero Ruscalleda, Josep"]
[Black "Rangel, Daniel"]
[WhiteFideId "2231859"]
[BlackFideId "2124475"]
[WhiteElo "2389"]
[BlackElo "2525"]
[Result "0-1"]
[Round "9"]
[TimeControl "180+2"]
[Date "2023.07.18"]
[WhiteClock "0:00:00"]
[BlackClock "0:00:07"]
[Board "71"]

1. e4 c5 2. c3 g6 3. d4 cxd4 4. cxd4 d5 5. Nc3 dxe4 6. Bc4 e6 7. Nxe4 Bg7 8. Be3 Nf6 9. Nc3 O-O 10. Nf3 a6 11. a4 Nc6 12. O-O Nb4 13. Qe2 Nfd5 14. Bg5 Qc7 15. Rac1 Qb8 16. Ne4 h6 17. Bd2 Nf4 18. Qe3 Nbd5 19. Qb3 Bd7 20. g3 b5 21. axb5 axb5 22. Bxd5 Nxd5 23. Ne5 Be8 24. Rfe1 b4 25. Nc5 Ra7 26. Be3 Bb5 27. Nc4 Rc8 28. Kg2 Bc6 29. f3 Nxe3+ 30. Nxe3 Bxd4 31. Ng4 Bd5 32. Qd3 Bxc5 33. Nf6+ Kg7 34. Nxd5 exd5 35. b3 d4 36. Rc4 Rac7 37. Rec1 Qb6 38. Qe4 Bd6 39. Rxc7 Rxc7 40. Rxc7 Bxc7 41. Qd5 Qd6 42. Qc4 d3 43. Qc1 d2 44. Qd1 Bb6 45. Kh3 Be3 46. f4 Qd3 0-1


[Site "https://www.chess.com"]

[Event "Titled Tuesday Blitz July 18 Late 2023"]
[White "Lalanne, Pablo"]
[Black "Ismayil, Malak"]
[WhiteFideId "112151"]
[BlackFideId "13412604"]
[WhiteElo "2387"]
[BlackElo "2512"]
[Result "1-0"]
[Round "9"]
[TimeControl "180+2"]
[Date "2023.07.18"]
[WhiteClock "0:00:08"]
[BlackClock "0:00:06"]
[Board "72"]

1. e4 e5 2. Nf3 Nc6 3. Bb5 a6 4. Ba4 Nf6 5. O-O b5 6. Bb3 Be7 7. Re1 O-O 8. a4 b4 9. d4 d6 10. h3 h6 11. Be3 Re8 12. Nbd2 Bf8 13. d5 Na5 14. Ba2 c6 15. dxc6 Nxc6 16. Nc4 Be6 17. Bb6 Qd7 18. a5 Rab8 19. Qe2 Ne7 20. Bb3 Rec8 21. Rad1 Ng6 22. Nfxe5 Nxe5 23. Nxe5 Qe8 24. Bxe6 Qxe6 25. Nf3 Rc4 26. Nd4 Qc8 27. Rd2 d5 28. exd5 Nxd5 29. Nf3 Nxb6 30. axb6 Rxb6 31. Ne5 Rc7 32. Red1 Be7 33. Qh5 Bf6 34. Ng4 Qe6 35. Nxf6+ Qxf6 36. Rd8+ Kh7 37. Qe2 Re6 38. Qd3+ Qg6 39. Qxg6+ Rxg6 40. R1d2 Rgc6 41. Rb8 a5 42. Rb5 Rxc2 43. Rxc2 Rxc2 44. Rxa5 Rxb2 45. Rb5 b3 46. f4 g6 47. f5 g5 48. Kh2 h5 49. Kg3 h4+ 50. Kf3 Rb1 51. Kg4 f6 52. Kh5 Kg7 53. Rb7+ Kf8 54. Kg6 b2 55. Kxf6 Ke8 56. Kxg5 Kd8 57. Kxh4 Kc8 58. Rb3 Kd7 59. g4 Ke7 60. Rb6 Kd7 61. g5 Kc7 62. Rb3 Kd6 63. f6 Ke6 64. Rb6+ Kf7 65. Rb7+ Kg6 66. Rg7+ Kf5 67. Rb7 Ke6 68. Rb6+ Kf7 69. Kh5 Rh1 70. g6+ Ke8 71. Rb8+ Kd7 72. Rxb2 Rxh3+ 73. Kg5 Rg3+ 74. Kh6 Rh3+ 75. Kg7 Rf3 76. f7 Ke7 77. Re2+ Kd6 78. f8=Q+ Rxf8 79. Kxf8 Kd5 80. g7 Kd4 81. g8=Q Kd3 82. Re7 Kd4 83. Qg6 Kd5 84. Qe6+ Kc5 85. Rd7 1-0


[Site "https://www.chess.com"]

[Event "Titled Tuesday Blitz July 18 Late 2023"]
[White "Eggleston, Thomas A"]
[Black "Urbina Perez, Juan Antonio"]
[WhiteFideId "412139"]
[BlackFideId "2217368"]
[WhiteElo "2376"]
[BlackElo "2509"]
[Result "0-1"]
[Round "9"]
[TimeControl "180+2"]
[Date "2023.07.18"]
[WhiteClock "0:00:10"]
[BlackClock "0:00:19"]
[Board "73"]

1. e4 c5 2. Nf3 d6 3. Bc4 Nf6 4. d3 Nc6 5. O-O Na5 6. Bb5+ Bd7 7. Bxd7+ Qxd7 8. Re1 Nc6 9. c3 e6 10. d4 cxd4 11. cxd4 d5 12. e5 Ne4 13. Be3 Be7 14. Nc3 Nxc3 15. bxc3 O-O 16. h4 Na5 17. Ng5 h6 18. Nf3 Rac8 19. Rc1 Rc7 20. Nd2 Rfc8 21. Qg4 Kh8 22. Nb1 Qa4 23. Qh5 Kg8 24. Bxh6 gxh6 25. Re3 Kf8 26. Rf3 Ba3 27. Qxh6+ Ke8 28. Nxa3 Qxa3 29. Re1 Rxc3 30. Qh8+ Qf8 31. Qf6 Rxf3 32. Qxf3 Nc4 33. h5 Kd7 34. Qf6 Qe7 35. Qg7 Qf8 36. Qf6 Nd2 37. h6 Ne4 38. Qh4 Qe7 39. Qh5 Rh8 40. h7 f5 41. exf6 Nxf6 42. Qe5 Rxh7 43. Rc1 Ke8 44. Rc8+ Kf7 45. Qg3 Rg7 46. Qf4 Kg6 47. Qg3+ Kf7 48. Qf4 Qa3 49. Rc7+ Kg6 50. Qg3+ Qxg3 51. Rxg7+ Kxg7 52. fxg3 Ne4 53. g4 Kf6 54. Kf1 Kg5 55. Ke2 Kxg4 56. Ke3 Kg3 57. a4 b6 58. Kd3 a6 59. Ke3 b5 60. axb5 axb5 61. Kd3 Kxg2 62. Ke3 Kg3 63. Kd3 Kf3 64. Kc2 Ke3 65. Kb3 Kxd4 66. Kb4 Ke3 67. Kxb5 d4 68. Kc4 d3 69. Kb5 d2 70. Ka4 d1=Q+ 71. Ka3 Kd3 72. Kb2 Qc2+ 73. Ka1 Qd2 74. Kb1 Nc3+ 75. Ka1 Qa2# 0-1


[Site "https://www.chess.com"]

[Event "Titled Tuesday Blitz July 18 Late 2023"]
[White "Hnydiuk, Aleksander"]
[Black "Adireddy Arjun"]
[WhiteFideId "1109057"]
[BlackFideId "25647709"]
[WhiteElo "2507"]
[BlackElo "2369"]
[Result "1-0"]
[Round "9"]
[TimeControl "180+2"]
[Date "2023.07.18"]
[WhiteClock "0:00:02"]
[BlackClock "0:00:01"]
[Board "74"]

1. d4 Nf6 2. c4 g6 3. Nc3 Bg7 4. e4 O-O 5. Nf3 d6 6. Be2 e5 7. O-O exd4 8. Nxd4 Nbd7 9. Be3 Re8 10. f3 Nb6 11. Qd2 Be6 12. b3 Nbd7 13. Rac1 a6 14. Rfd1 Qe7 15. Nd5 Bxd5 16. cxd5 Nxd5 17. Bf2 Rac8 18. Bxa6 bxa6 19. Nc6 Qe6 20. Qxd5 Qxd5 21. Rxd5 Ne5 22. Bg3 Nd7 23. Ra5 Ra8 24. Bf2 Kf8 25. Nb4 c5 26. Nd5 Rec8 27. Bg3 Be5 28. Bxe5 dxe5 29. Rc4 Ke8 30. Kf2 Kd8 31. Ke3 Rc6 32. b4 Rac8 33. bxc5 Nxc5 34. Nb4 R6c7 35. Rc1 Ke8 36. Nd5 Rc6 37. Nb4 R6c7 38. g4 h6 39. h4 g5 40. hxg5 hxg5 41. Rh1 Kd7 42. Rh7 Ke6 43. Nxa6 Nxa6 44. Rxa6+ Rc6 45. Rxc6+ Rxc6 46. Rh6+ f6 47. Rh2 Rc3+ 48. Kf2 Ra3 49. Kg3 Kf7 50. Rc2 Kg6 51. Kf2 Kg7 52. Ke2 Kg6 53. Rd2 Kg7 54. Kf2 Kg6 55. Kg2 Kg7 56. Rd7+ Kg6 57. Rd2 Kg7 58. Rc2 Kg6 59. Rf2 Kg7 60. Kf1 Kg6 61. Ke1 Kg7 62. Kd1 Kf7 63. Kc1 Ke6 64. Kb2 Re3 65. a4 Kd6 66. a5 Kc6 67. Rc2+ Kb5 68. Rc3 Re2+ 69. Kb3 Kxa5 70. Kc4 Rd2 71. Rb3 Rd1 72. Kc5 Ka4 73. Rb6 Rc1+ 74. Kd5 Rd1+ 75. Ke6 Rd3 76. Kxf6 Rxf3+ 77. Kxg5 Rf4 78. Rb2 Rxe4 79. Kf5 Re1 80. g5 e4 81. g6 e3 82. Rg2 e2 83. Ke4 Rf1 84. Rxe2 Rg1 85. Kf5 Kb5 86. Kf6 Kc5 87. g7 Rf1+ 88. Kg6 Rg1+ 89. Kh7 Rh1+ 90. Kg8 Kd6 91. Re3 Rg1 92. Re4 Kd7 93. Rh4 Ke7 94. Kh7 Kf7 95. g8=Q+ Ke7 96. Qxg1 1-0


[Site "https://www.chess.com"]

[Event "Titled Tuesday Blitz July 18 Late 2023"]
[White "Vifleemskaia, Svetlana"]
[Black "NigelDwarf"]
[WhiteFideId "4129490"]
[WhiteElo "2344"]
[BlackElo "2500"]
[Result "1/2-1/2"]
[Round "9"]
[TimeControl "180+2"]
[Date "2023.07.18"]
[WhiteClock "0:00:49"]
[BlackClock "0:00:50"]
[Board "75"]

1. d4 Nf6 2. c4 a6 3. Nc3 c5 4. d5 b5 5. b3 b4 6. Na4 d6 7. Bb2 g6 8. Nf3 Bg7 9. Qc2 Bf5 10. Qd2 O-O 11. e3 Ne4 12. Qc1 e6 13. dxe6 fxe6 14. Bxg7 Kxg7 15. Qb2+ Kg8 16. Be2 Nd7 17. O-O Ndf6 18. Rad1 Qc7 19. Nh4 Kh8 20. f3 Ng5 21. e4 Bh3 22. gxh3 Nxh3+ 23. Kh1 Qg7 24. Ng2 Rad8 25. e5 dxe5 26. Qxe5 Rxd1 27. Bxd1 Rd8 28. Qg3 Qh6 29. Nxc5 Rd2 30. Ne4 Nxe4 31. fxe4 Nf2+ 32. Kg1 Nh3+ 33. Kh1 Nf2+ 34. Kg1 Nh3+ 35. Kh1 1/2-1/2


[Site "https://www.chess.com"]

[Event "Titled Tuesday Blitz July 18 Late 2023"]
[White "Ansh M Shah"]
[Black "Calin, Alexandru"]
[WhiteFideId "25033379"]
[BlackFideId "1222961"]
[WhiteElo "2499"]
[BlackElo "2364"]
[Result "1-0"]
[Round "9"]
[TimeControl "180+2"]
[Date "2023.07.18"]
[WhiteClock "0:00:17"]
[BlackClock "0:00:03"]
[Board "76"]

1. Nf3 d5 2. g3 Bg4 3. Bg2 Nd7 4. O-O e5 5. d3 Ngf6 6. b3 c6 7. Bb2 Bd6 8. Nbd2 O-O 9. h3 Bxf3 10. Nxf3 h6 11. Re1 e4 12. dxe4 Nxe4 13. Nd4 Ndf6 14. Nf5 Bc7 15. Bxe4 dxe4 16. Qxd8 Bxd8 17. Red1 Kh7 18. Ba3 Re8 19. Nd6 Re7 20. Bb2 e3 21. Bxf6 exf2+ 22. Kxf2 gxf6 23. Nf5 Bb6+ 24. Kf3 Re5 25. g4 Rae8 26. Rd7 Rxe2 27. Rxf7+ Kh8 28. Rd1 Rxc2 29. Rdd7 Rc3+ 30. Kf4 Be3+ 31. Nxe3 Rcxe3 32. Rxf6 Rxh3 33. Rxb7 a5 34. Rxc6 a4 35. bxa4 h5 36. Rh6+ Kg8 37. Rxh5 Ra3 38. a5 Rxa2 39. Rg5+ Kf8 40. Rf5+ Kg8 41. Kg5 Ra4 42. Rc5 Rae4 43. Kf5 Re1 44. a6 Rf1+ 45. Kg5 Ra1 46. a7 Ra6 47. Rb8 Kf8 48. Rxe8+ Kxe8 49. Rc8+ Kd7 50. a8=Q Rxa8 51. Rxa8 Kc7 52. Ra5 Kb7 53. Rf5 Kb6 54. Kf4 Kc6 55. g5 Kd6 56. g6 1-0


[Site "https://www.chess.com"]

[Event "Titled Tuesday Blitz July 18 Late 2023"]
[White "Lopez Idarraga, Daniel Eduardo"]
[Black "Shapiro, Viktor"]
[WhiteFideId "4405501"]
[BlackFideId "4175700"]
[WhiteElo "2336"]
[BlackElo "2495"]
[Result "0-1"]
[Round "9"]
[TimeControl "180+2"]
[Date "2023.07.18"]
[WhiteClock "0:01:46"]
[BlackClock "0:01:22"]
[Board "77"]

1. d4 Nf6 2. Bf4 g6 3. e3 Bg7 4. h3 d6 5. Nf3 O-O 6. Be2 Nbd7 7. O-O b6 8. Bh2 Bb7 9. c3 e6 10. a4 a6 11. Na3 Qe7 12. Nc4 Ne4 13. Nfd2 Ndf6 14. Bf3 Rab8 15. Nxe4 Nxe4 16. Re1 f5 17. b4 Nxc3 18. Qd3 Bxf3 19. Qxc3 Bd5 20. Rac1 Rfc8 21. b5 axb5 22. axb5 Qd7 23. Qb4 Bf8 24. Re2 Be4 25. Qb3 Ra8 26. Ree1 Bd5 27. Qb4 Ra2 28. Ra1 Rca8 29. Rxa2 Rxa2 30. Bg3 Qf7 31. Rd1 e5 32. Nd2 f4 33. Bh2 fxe3 34. fxe3 Bh6 35. Re1 exd4 36. exd4 Bxd2 0-1


[Site "https://www.chess.com"]

[Event "Titled Tuesday Blitz July 18 Late 2023"]
[White "Castella Garcia, Fausto"]
[Black "SicilianPanzer"]
[WhiteFideId "3501922"]
[WhiteElo "2435"]
[BlackElo "2308"]
[Result "0-1"]
[Round "9"]
[TimeControl "180+2"]
[Date "2023.07.18"]
[WhiteClock "0:00:00"]
[BlackClock "0:00:05"]
[Board "78"]

1. e4 c5 2. Nf3 Nc6 3. Bb5 d6 4. O-O Bd7 5. c3 a6 6. Bxc6 Bxc6 7. Re1 Nf6 8. d4 Bxe4 9. Bg5 Bc6 10. c4 cxd4 11. Nxd4 e6 12. Nf5 Qa5 13. Bxf6 Qxf5 14. Bc3 Be7 15. Nd2 O-O 16. Nf1 b5 17. Ne3 Qg6 18. f3 Rab8 19. Rc1 b4 20. Bd4 Bg5 21. b3 e5 22. Ba1 f5 23. Nd5 Kh8 24. Rc2 a5 25. Rce2 Rbe8 26. c5 dxc5 27. Rxe5 Rd8 28. Bb2 Bf6 29. Nxf6 Rxd1 30. Rxd1 gxf6 31. Re7 Bxf3 32. Rd2 Be4 0-1


[Site "https://www.chess.com"]

[Event "Titled Tuesday Blitz July 18 Late 2023"]
[White "Oro, Faustino"]
[Black "ChessSG1"]
[WhiteFideId "20000197"]
[WhiteElo "2743"]
[BlackElo "2301"]
[Result "0-1"]
[Round "9"]
[TimeControl "180+2"]
[Date "2023.07.18"]
[WhiteClock "0:00:22"]
[BlackClock "0:00:04"]
[Board "79"]

1. e4 c5 2. Nf3 e6 3. g3 Nf6 4. d3 Nc6 5. Bg2 g6 6. O-O Bg7 7. Re1 e5 8. Nc3 d6 9. Nd2 O-O 10. Nc4 Be6 11. a4 h6 12. h3 Qd7 13. Kh2 d5 14. exd5 Nxd5 15. Ne4 b6 16. Bd2 Rad8 17. a5 f5 18. Nc3 Nde7 19. b3 e4 20. axb6 exd3 21. cxd3 Bxc4 22. bxc4 Qxd3 23. Nd5 Bxa1 24. Nxe7+ Nxe7 25. Qxa1 Qxd2 26. Rxe7 Qd4 27. Qxa7 Qf6 28. Bd5+ Rxd5 29. cxd5 f4 30. g4 f3 31. Qc7 Qd4 32. Re3 Qd2 33. Kg3 Qxe3 34. b7 Qe8 35. Qd6 Qb8 0-1


[Site "https://www.chess.com"]

[Event "Titled Tuesday Blitz July 18 Late 2023"]
[White "Hoffmann, Asa"]
[Black "Tikhonov, Viacheslav"]
[WhiteFideId "2001470"]
[BlackFideId "44196407"]
[WhiteElo "2387"]
[BlackElo "2526"]
[Result "0-1"]
[Round "9"]
[TimeControl "180+2"]
[Date "2023.07.18"]
[WhiteClock "0:00:00"]
[BlackClock "0:00:10"]
[Board "80"]

1. d4 Nf6 2. Bg5 Ne4 3. Bf4 d5 4. f3 Nf6 5. e4 dxe4 6. Nc3 c5 7. dxc5 Qa5 8. Qd2 Nc6 9. Nb5 Qxd2+ 10. Bxd2 Kd8 11. O-O-O Bd7 12. Bc4 Ne5 13. Na3 Nxc4 14. Nxc4 Rc8 15. b4 Ke8 16. Ne5 Be6 17. Kb2 g6 18. Bc3 Bg7 19. Ne2 exf3 20. Nxf3 Bc4 21. Nf4 e6 22. Rhe1 Kf8 23. Ne5 Nd5 24. Nxd5 Bxd5 25. Rf1 f5 26. g4 Ke7 27. gxf5 gxf5 28. Rde1 b6 29. Nd3 Bxc3+ 30. Kxc3 Be4 31. Nf2 bxc5 32. Nxe4 cxb4+ 33. Kb2 fxe4 34. Rxe4 a5 35. Rfe1 Rc6 36. Re5 Ra8 37. Rh5 a4 38. Rxh7+ Kf6 39. Rh6+ Kf5 40. Rh5+ Kf6 41. Rb5 Rc4 42. Rb6 a3+ 43. Kb3 Rc3+ 44. Kxb4 Rxc2 45. Rbxe6+ Kf7 46. R6e2 Rb8+ 47. Kxa3 Rc3+ 48. Ka4 Rc4+ 49. Ka5 Rc5+ 50. Ka6 Rc6+ 51. Ka7 Rb4 52. Re4 Rb2 53. R1e2 Rb1 54. a4 Rc5 55. Rf2+ Kg7 56. Rg4+ Kh6 0-1


[Site "https://www.chess.com"]

[Event "Titled Tuesday Blitz July 18 Late 2023"]
[White "Topalov, Aleksandar"]
[Black "Goffredo_Fofi"]
[WhiteFideId "925659"]
[WhiteElo "2380"]
[BlackElo "2517"]
[Result "0-1"]
[Round "9"]
[TimeControl "180+2"]
[Date "2023.07.18"]
[WhiteClock "0:00:00"]
[BlackClock "0:00:07"]
[Board "81"]

1. b3 g6 2. Bb2 Nf6 3. Bxf6 exf6 4. c4 d5 5. cxd5 Qxd5 6. e3 f5 7. Nc3 Qa5 8. a3 Bg7 9. b4 Qb6 10. d4 c6 11. Nge2 O-O 12. g3 a5 13. Rb1 axb4 14. axb4 Re8 15. Bg2 Be6 16. O-O Bc4 17. Re1 Na6 18. Na4 Qd8 19. Nc5 Qe7 20. Qc2 Bxe2 21. Qxe2 Bxd4 22. Qc4 Bxc5 23. bxc5 Qxc5 24. Qb3 Ra7 25. Rec1 Qe7 26. Qb6 Rea8 27. Ra1 Qd8 28. Qb2 Nc7 29. Rxa7 Rxa7 30. Qb6 Qb8 31. Bxc6 Ne6 32. Rb1 Qa8 33. Bxb7 Qb8 34. Bd5 Qxb6 35. Rxb6 Ra1+ 36. Kg2 Ng5 37. h4 Ne4 38. Rb7 Nd6 39. Rd7 Ne4 40. Rxf7 Kh8 41. Re7 Nf6 42. Re6 Nxd5 43. Rd6 Nc3 44. h5 Kg7 0-1


[Site "https://www.chess.com"]

[Event "Titled Tuesday Blitz July 18 Late 2023"]
[White "Berezin, Viktor"]
[Black "Todorovic, Bojan"]
[WhiteFideId "14107872"]
[BlackFideId "917087"]
[WhiteElo "2507"]
[BlackElo "2372"]
[Result "0-1"]
[Round "9"]
[TimeControl "180+2"]
[Date "2023.07.18"]
[WhiteClock "0:00:57"]
[BlackClock "0:01:45"]
[Board "82"]

1. d4 g6 2. Nf3 Bg7 3. g3 d6 4. Bg2 Nf6 5. O-O O-O 6. a4 c5 7. a5 Nc6 8. a6 cxd4 9. Nxd4 Qc7 10. axb7 Bxb7 11. Nc3 Nxd4 12. Qxd4 Bxg2 13. Kxg2 Rfc8 14. Be3 Qb7+ 15. Kg1 Qxb2 16. Ra2 Qxc3 17. Qxc3 Rxc3 18. Bd4 Rc4 19. Rfa1 Rxd4 0-1


[Site "https://www.chess.com"]